AoeStats
← 18 on berries

Arena

510165304Analyzed
4v4 RM · 4d ago on Sep 29, 2026· 52m 11s· 8 players
Game mode
Random Map
Map size
Large (8 player)
Population
200
Speed
Normal
Resources
Standard
Victory
Conquest
Starting age
Dark Age
Ending age
Imperial Age
RankedLock teamsTeams togetherTeam positionsShared explorationLock speedFull tech treeHidden civsTurbo modeCheats
Victory
Defeat
🇩🇪 Persians · Germany
1592
+12
🇩🇪 Danes · Germany
1567
+13
🇬🇧 Dravidians · United Kingdom
1523
+15
🇭🇷 Tatars · Croatia
1485
+17
🇵🇱 Shu · Poland
1550
-16
🇸🇪 Saracens · Sweden
1510
-15
🇺🇸 Burmese · United States
1483
-13
🇧🇷 Italians · Brazil
1460
-13
Dionysus
11:27 Feudal Age
12:10 Loom
12:57 Stone Mining
15:21 Castle Age
17:19 Horse Collar
22:41 Gold Mining
23:42 Padded Archer Armor
24:26 Redemption
24:55 Bloodlines
24:46 Husbandry
32:42 Wheelbarrow
32:35 Atonement
35:55 Imperial Age
34:23 Wheelbarrow
35:17 Sanctity
35:27 Fervor
36:27 Hand Cart
36:55 Block Printing
37:08 Illumination
37:26 Theocracy
37:42 Gold Shaft Mining
39:32 Elite Arambai
42:15 Scale Mail Armor
42:26 Forging
44:45 Chain Mail Armor
45:05 Iron Casting
44:49 Squires
45:16 Pikeman
46:10 Halberdier
47:22 Plate Mail Armor
48:04 Blast Furnace
Ronald Mcdonald
9:47 Feudal Age
14:18 Castle Age
12:18 Double-Bit Axe
12:22 Horse Collar
16:18 Wheelbarrow
16:24 Bow Saw
16:16 Heavy Plow
19:51 Loom
19:54 Town Watch
21:56 Gold Mining
23:03 Stone Mining
25:16 Gold Shaft Mining
29:10 Imperial Age
27:18 Forging
27:13 Scale Barding Armor
29:34 Elite Mameluke
29:42 Onager
29:48 Light Cavalry
30:39 Bloodlines
31:36 Chain Barding Armor
31:52 Iron Casting
31:31 Husbandry
35:48 Blast Furnace
35:27 Plate Barding Armor
34:43 Siege Onager
36:34 Siege Engineers
37:46 Conscription
Gasior
10:25 Feudal Age
14:09 Castle Age
11:57 Horse Collar
12:11 Double-Bit Axe
13:39 Wheelbarrow
14:56 Loom
22:06 Bow Saw
21:37 Horse Collar
21:52 Stone Mining
24:32 Heavy Plow
27:36 Imperial Age
25:39 Gold Mining
26:21 Fletching
26:31 Padded Archer Armor
26:53 Ballistics
26:38 Crossbowman
27:23 Thumb Ring
28:07 Hand Cart
27:25 Pikeman
28:05 Squires
28:04 Bodkin Arrow
28:25 Leather Archer Armor
29:00 Conscription
28:46 Halberdier
29:34 Scale Mail Armor
31:40 Two-Man Saw
30:57 Bracer
32:52 Chain Mail Armor
32:47 Forging
33:50 Coiled Serpent Array
35:36 Chemistry
35:31 Plate Mail Armor
36:09 Elite White Feather Guard
37:39 Siege Engineers
41:36 Elite Skirmisher
42:50 Ring Archer Armor
44:19 Arbalester
48:02 Bolt Magazine
Tylenol
10:33 Feudal Age
14:04 Castle Age
11:58 Double-Bit Axe
11:56 Horse Collar
15:28 Bow Saw
16:21 Gold Mining
20:44 Wheelbarrow
24:26 Imperial Age
23:45 Fletching
26:10 Chemistry
26:14 Two-Man Saw
25:15 Heavy Plow
26:02 Conscription
27:36 Stone Mining
29:17 Crop Rotation
29:55 Bodkin Arrow
30:22 Padded Archer Armor
31:06 Ballistics
31:00 Loom
31:32 Hand Cart
31:19 Bracer
31:56 Leather Archer Armor
33:31 Ring Archer Armor
33:40 Squires
33:26 Arson
33:42 Scale Mail Armor
33:52 Forging
34:26 Town Watch
35:25 Chain Mail Armor
36:10 Pirotechnia
36:58 Masonry
36:29 Treadmill Crane
37:37 Plate Mail Armor
36:54 Elite Genoese Crossbowman
39:33 Scale Barding Armor
40:47 Architecture
40:12 Murder Holes
40:57 Husbandry
40:46 Pikeman
40:54 Light Cavalry
42:17 Chain Barding Armor
42:21 Bloodlines
49:33 Plate Barding Armor
49:51 Iron Casting
49:20 Hussar
Fac Et Spera
7:22 Loom
9:27 Feudal Age
13:13 Castle Age
11:39 Double-Bit Axe
12:29 Horse Collar
14:20 Bow Saw
15:41 Heavy Plow
16:15 Heavy Plow
19:29 Town Watch
23:03 Gold Mining
23:26 Loom
29:37 Imperial Age
29:09 Pikeman
29:50 Squires
30:06 Halberdier
31:43 Scale Mail Armor
31:53 Forging
33:02 Chain Mail Armor
33:55 Wheelbarrow
34:06 Wootz Steel
34:03 Chain Mail Armor
35:54 Plate Mail Armor
36:44 Iron Casting
36:21 Man-at-Arms
36:47 Gambesons
38:59 Blast Furnace
38:25 Conscription
38:10 Medical Corps
38:17 Fletching
38:27 Padded Archer Armor
39:36 Ballistics
40:14 Bodkin Arrow
41:09 Elite Elephant Archer
41:54 Thumb Ring
43:17 Two-Man Saw
42:46 Hand Cart
42:47 Bracer
44:13 Chemistry
43:30 Leather Archer Armor
47:36 Ring Archer Armor
50:35 Stone Mining
51:20 Masonry
51:46 Hoardings
Benni
10:32 Feudal Age
14:32 Castle Age
12:33 Horse Collar
12:38 Double-Bit Axe
15:44 Bow Saw
21:45 Wheelbarrow
20:57 Loom
22:40 Gold Mining
23:18 Stone Mining
24:04 Gold Shaft Mining
28:51 Imperial Age
26:22 Scale Mail Armor
26:33 Forging
27:26 Stone Shaft Mining
27:27 Chain Mail Armor
27:59 Hamask
28:59 Onager
30:14 Siege Onager
31:18 Conscription
31:47 Plate Mail Armor
31:40 Elite Jomsviking
33:40 Iron Casting
34:57 Siege Engineers
35:54 Chemistry
36:58 Fletching
37:05 Northmen's Fury
38:24 Bodkin Arrow
39:30 Blast Furnace
38:51 Ballistics
38:42 Masonry
38:48 Squires
38:34 Arson
39:48 Devotion
41:01 Bracer
42:43 Capped Ram
44:06 Coinage
44:05 Siege Ram
48:37 Banking
18 on berries
11:10 Feudal Age
14:40 Castle Age
12:38 Double-Bit Axe
12:34 Horse Collar
15:19 Bow Saw
15:12 Heavy Plow
16:08 Wheelbarrow
21:27 Stone Mining
22:38 Hand Cart
23:17 Gold Mining
24:46 Gold Shaft Mining
24:19 Loom
24:58 Scale Barding Armor
28:37 Imperial Age
26:42 Chain Barding Armor
27:55 Stone Shaft Mining
27:32 Masonry
27:45 Ballistics
27:37 Forging
28:54 Iron Casting
28:09 Fletching
28:52 Husbandry
29:03 Bloodlines
29:37 Plate Barding Armor
30:03 Two-Man Saw
29:38 Crop Rotation
30:20 Chemistry
30:07 Conscription
31:11 Blast Furnace
29:57 Elite War Elephant
30:34 Light Cavalry
32:27 Blast Furnace
31:17 Fletching
31:08 Cavalier
33:31 Architecture
32:56 Murder Holes
34:08 Bodkin Arrow
35:49 Hoardings
40:56 Citadels
40:47 Scale Mail Armor
40:47 Padded Archer Armor
45:01 Hussar
49:52 Leather Archer Armor
49:34 Guard Tower
52:02 Ring Archer Armor
52:25 Town Watch
Rumpel the Idle
0:27 Loom
11:14 Feudal Age
15:34 Castle Age
14:15 Double-Bit Axe
14:13 Horse Collar
18:11 Wheelbarrow
17:53 Bow Saw
23:41 Wheelbarrow
23:26 Heavy Plow
25:57 Ballistics
25:49 Padded Archer Armor
25:40 Fletching
26:07 Elite Skirmisher
27:11 Leather Archer Armor
30:38 Imperial Age
28:32 Bodkin Arrow
30:04 Silk Armor
32:03 Ring Archer Armor
34:17 Chemistry
34:03 Bracer
34:56 Conscription
36:26 Gold Mining
36:26 Stone Mining
37:57 Timurid Siegecraft
39:39 Hand Cart
45:34 Scale Barding Armor
45:40 Forging
46:07 Capped Ram
47:31 Bloodlines
47:22 Husbandry
46:43 Light Cavalry
49:10 Gold Shaft Mining
49:35 Chain Barding Armor
49:51 Iron Casting
50:21 Hussar
Connection lost

Rejoining the realm…

Still unreachable

The connection could not be restored.

Session expired

The server has moved on; the page needs a fresh start.